 Dungeon Crawl Stone Soup version 0.28.0-45-g0d030f2227 (webtiles) character file.

Game seed: 15420974209723712796

121 pkoi the Shooter (level 4, -1/36 HPs)
             Began as a Demigod Hunter on Apr 13, 2022.
             Slain by a quokka (3 damage)
             ... on level 3 of the Dungeon.
             The game lasted 00:04:23 (3807 turns).

pkoi the Shooter (Demigod Hunter)                   Turns: 3807, Time: 00:04:23

Health: -1/36      AC:  4    Str: 13    XL:     4   Next: 49%
Magic:  6/6        EV: 11    Int: 17    God:
Gold:   1285       SH:  0    Dex: 14    Spells: 3/3 levels left

rFire   . . .      SeeInvis .   b - +0 short sword
rCold   . . .      Faith    .   (no shield)
rNeg    . . .      Spirit   .   c - +0 leather armour
rPois   .          Reflect  .   m - +0 helmet
rElec   .          Harm     .   n - scarf {repulsion}
rCorr   .          Rampage  .   (no gloves)
Will    .....                   (no boots)
Stlth   +.........              (no amulet)
HPRegen 0.12/turn               (no ring)
MPRegen 0.10/turn               (no ring)

@: repel missiles
A: high MP 1, forlorn, divine attributes
a: no special abilities


You were on level 3 of the Dungeon.
You visited 1 branch of the dungeon, and saw 4 of its levels.

You collected 1285 gold pieces.

Inventory:

Hand Weapons
 a - a +1 shortbow
 b - a +0 short sword (weapon)
 e - a +0 dagger
 f - a +0 short sword
Armour
 c - a +0 leather armour (worn)
 m - a +0 helmet (worn)
 n - a scarf of repulsion (worn)
Wands
 l - a wand of charming (4)
Scrolls
 d - a scroll of teleportation {unknown}
Potions
 g - a potion of degeneration {unknown}
 h - a potion of mutation {unknown}
 p - 3 potions of heal wounds {unknown}


   Skills:
 - Level 1.7 Fighting
 + Level 5.6 Bows
 - Level 1.7 Dodging
 - Level 0.8 Stealth


You had 3 spell levels left.
You didn't know any spells.
Your spell library contained the following spells:

 Spells                   Type           Power      Damage    Failure   Level
 Pain                     Necr           0%         1d4       30%         1
 Sandblast                Erth           0%         2d4       30%         1
 Passwall                 Tmut/Erth      0%         N/A       41%         2
 Ozocubu's Armour         Ice            0%         N/A       65%         3
 Stone Arrow              Conj/Erth      0%         3d7       65%         3
 Agony                    Necr           0%         N/A       100%        5
 Excruciating Wounds      Necr           0%         N/A       100%        5
 Ozocubu's Refrigeration  Ice            0%         4d5       100%        7


Dungeon Overview and Level Annotations

Branches:
Dungeon (4/15)
 Temple: D:4-7

Annotations:
D:4 issech's ghost, amateur TrMo


Innate Abilities, Weirdness & Mutations

You have an increased reservoir of magic. (+10% MP)
You shall have no god before yourself.
Your divine heritage dramatically boosts your attributes as you level up.


Message History

You kill the orc!
Unknown command.
The goblin shouts!
You see here a +0 flail.
Unknown command.
There is a stone staircase leading up here.
You climb upwards.
The quokka closely misses you. The quokka barely misses you.
There is a stone staircase leading down here.
Unknown command.
You closely miss the quokka. The quokka bites you.
* * * LOW HITPOINT WARNING * * *
You closely miss the quokka. The quokka bites you.
* * * LOW HITPOINT WARNING * * *
You hit the quokka.
The quokka is severely wounded.
The quokka barely misses you.
You miss the quokka.
The quokka is severely wounded.
The quokka bites you.
* * * LOW HITPOINT WARNING * * *
The quokka bites you but does no damage.
You closely miss the quokka.
The quokka is severely wounded.
The quokka barely misses you.
You closely miss the quokka.
The quokka is severely wounded.
The quokka bites you but does no damage.
You closely miss the quokka.
The quokka is severely wounded.
The quokka bites you.
* * * LOW HITPOINT WARNING * * *
The quokka bites you but does no damage.
You miss the quokka.
The quokka is severely wounded.
The quokka bites you.
* * * LOW HITPOINT WARNING * * *
You hit the quokka.
The quokka is almost dead.
The quokka bites you.
You die...

.#.#.# #..# #.# #.#.#,*
.#.#.#####..# #.# #.#.#,*
,#.#........###.######.#.#,*
,#....#.###.##...........#,*
.######.###.#.....##..(###,*
...........)..###....#####,*
..............# #..........*
#############.###.#########*
#...@r# #######


You could see a quokka.

Vanquished Creatures
  Jessica (D:3)
  3 adders
  A worm (D:2)
  A dart slug (D:3)
  3 orcs
  12 ball pythons
  3 endoplasms
  4 giant cockroaches
  5 goblins
  2 hobgoblins
  7 jackals
  5 quokkas
  3 bats
  2 frilled lizards
  5 rats
57 creatures vanquished.

Notes
Turn   | Place    | Note
-------+----------+-------------------------------------------
     0 | D:1      | pkoi the Demigod Hunter began the quest for the Orb.
     0 | D:1      | Reached XP level 1. HP: 17/17 MP: 3/3
   442 | D:1      | Reached skill level 4 in Bows
   550 | D:1      | Reached XP level 2. HP: 20/24 MP: 4/4
  1559 | D:2      | Reached XP level 3. HP: 13/29 MP: 5/5
  2163 | D:2      | Reached skill level 5 in Bows
  2870 | D:3      | Noticed Jessica
  2877 | D:3      | Killed Jessica
  2878 | D:3      | Reached XP level 4. HP: 31/36 MP: 6/6
  3293 | D:3      | Identified a scroll of acquirement
  3293 | D:3      | Acquired 1181 gold pieces
  3787 | D:4      | Noticed issech's ghost (amateur TrMo)
  3807 | D:3      | Slain by a quokka

Illustrated notes

Levels and vault maps discovered:
D:1:      mainiacjoe_arrival_reflecting_pool, layout_basic,
          nicolae_ecumenical_snake_handling
D:2:      layout_basic, serial_forest, infiniplex_forest_end_double,
          infiniplex_forest_clump_C, infiniplex_forest_lined_ring,
          infiniplex_forest_lined_1, infiniplex_forest_clump_C,
          infiniplex_forest_end_2
D:3:      layout_loops_ring, kennysheep_generic_room_16, uniq_jessica
D:4:      layout_basic, grunt_temple_overflow_growth_and_decay,
          nzn_hepliaklqana_mist_gate, lemuel_temple_firewalk_b,
          gammafunk_ghost_split, uniq_eustachio

Skill      XL: |  1  2  3 |
---------------+----------+-----
Bows           | 4 5 |  5.6
Fighting       | |  1.7
Dodging        | |  1.7
Stealth        | |  0.8

Action                   |  1- 3 |  4- 6 || total
-------------------------+-------+-------++-------
Melee: Short sword       |   142 |    68 ||   210
       Punch             |     1 |     1 ||     2
 Fire: Shortbow          |    33 |    18 ||    51
  Use: Scroll            |       |     4 ||     4
 Stab: Sleeping          |     1 |     2 ||     3
Armor: Leather armour    |    50 |    32 ||    82
Dodge: Dodged            |   108 |    48 ||   156
